 Dungeon Crawl Stone Soup version 0.29.1-13-g9f3cf754e1 (webtiles) character file.

Game seed: 11061374357653684488

8593 promet the Geomancer (level 11, -14/61 HPs)
             Began as a Gargoyle Earth Elementalist on Jan 31, 2023.
             Was an Initiate of Yredelemnul.
             Demolished by a reaper
             ... wielding a +2 scythe of protection
              (20 damage)
             ... on level 3 of the Abyss on Feb 1, 2023.
             The game lasted 01:43:29 (13335 turns).

promet the Geomancer (Gargoyle Earth Elementalist) Turns: 13335, Time: 01:43:30

Health: -14/61     AC: 31    Str: 17    XL:     11   Next: 33%
Magic:  21/21      EV: 14    Int: 21    God:    Yredelemnul [......]
Gold:   2069       SH:  0    Dex: 16    Spells: 15/24 levels left

rFire   + . .      SeeInvis +   a - +2 scythe (protect)
rCold   + + .      Faith    .   (shield currently unavailable)
rNeg    + . .      Spirit   .   G - +3 leather armour
rPois   ∞          Reflect  .   C - +0 helmet
rElec   +          Harm     .   q - +2 cloak
rCorr   +          Rampage  .   c - +1 pair of gloves
Will    .....                   p - +3 pair of mountain boots {steadfast, rC+}
Stlth   +++.......              J - amulet of regeneration
HPRegen 1.00/turn               P - +6 ring of dexterity
MPRegen 0.17/turn               D - +6 ring of strength

@: mighty, resistant, under a protective aura
A: sickness immunity, AC +8, negative energy resistance 1, electricity
resistance, torment resistance 1, petrification resistance, see invisible
a: Renounce Religion, Recall Undead Harvest


You were on level 3 of the Abyss.
You worshipped Yredelemnul.
Yredelemnul was noncommittal.
You visited 1 branch of the dungeon, and saw 11 of its levels.
You visited the Abyss 1 time.

You collected 2069 gold pieces.

Inventory:

Hand Weapons
 a - a +2 scythe of protection (weapon)
 b - a +2 vorpal shortbow
 j - a +2 battleaxe
 k - a +1 short sword
 n - a +0 spear
 r - a +2 vorpal hammer
 w - a +1 rapier of flaming
 y - a +0 flail
 E - a +1 great sword
 F - a +4 mace
 L - a +1 flail of draining
Missiles
 e - 110 stones (quivered)
 v - 28 poisoned darts
 M - 2 throwing nets
Armour
 c - a +1 pair of gloves (worn)
 p - the +3 pair of mountain boots (worn) {steadfast, rC+}
   (You found it on level 4 of the Dungeon)

   It prevents involuntary movement, except for blinking, teleportation, or
   banishment.
   rC:        It protects you from cold.
 q - a +2 cloak (worn)
 z - a +2 robe of resistance
 C - a +0 helmet (worn)
 G - a +3 leather armour (worn)
Jewellery
 l - a +4 ring of evasion
 t - an amulet of guardian spirit
 D - a +6 ring of strength (right hand)
 J - an amulet of regeneration (around neck)
 P - a +6 ring of dexterity (left hand)
Wands
 B - a wand of flame (12)
 H - a wand of digging (6)
 N - a wand of quicksilver (3)
Scrolls
 f - 4 scrolls of amnesia
 i - a scroll of teleportation
 o - 3 scrolls of noise
 u - a scroll of poison
 A - 5 scrolls of identify
Potions
 d - a potion of magic
 h - a potion of curing
 s - 2 potions of resistance
 x - a potion of flight
 K - 2 potions of mutation
 O - a potion of haste


   Skills:
 + Level 4.2 Fighting
 + Level 5.1 Short Blades
 + Level 0.4(4.5) Axes
 + Level 4.1(4.2) Maces & Flails
 + Level 6.1 Polearms
 * Level 3.0 Ranged Weapons
 + Level 1.6 Throwing
 + Level 2.7 Armour
 + Level 5.1 Dodging
 + Level 5.0 Stealth
 + Level 7.1 Spellcasting
 + Level 1.2 Conjurations
 + Level 2.3 Transmutations
 + Level 8.6 Earth Magic
 + Level 1.8 Invocations


You had 15 spell levels left.
You knew the following spells:

 Your Spells              Type           Power      Damage    Failure   Level
a - Sandblast             Erth           86%        2d18      1%          1
b - Passwall              Tmut/Erth      25%        N/A       1%          2
c - Wereblood             Tmut           17%        N/A       6%          2
d - Stone Arrow           Conj/Erth      56%        3d10      4%          3
e - Summon Small Mammal   Summ           28%        N/A       11%         1

Your spell library contained the following spells:

 Spells                   Type           Power      Damage    Failure   Level
 Petrify                  Tmut/Erth      30%        N/A       11%         4
 Call Canine Familiar     Summ           7%         N/A       30%         3
 Summon Guardian Golem    Hex/Summ       7%         N/A       30%         3
 Corpse Rot               Necr/Pois/Air  7%         N/A       71%         4
 Dispel Undead            Necr           7%         3d8       71%         4
 Summon Hydra             Summ           3%         N/A       100%        7
 Sublimation of Blood     Necr           Unusable   N/A       N/A         2
 Death Channel            Necr           Unusable   N/A       N/A         6

Dungeon Overview and Level Annotations

Branches:
Dungeon (11/15)            Temple (0/1) D:6
   Lair: D:8-11         Orc: D:9-12

Altars:
Ashenzari
Cheibriados
Dithmenos
Elyvilon
Makhleb
Sif Muna
Uskayaw
Vehumet
Yredelemnul
Zin

Shops:
D:1 !   D:10 (

Annotations:
D:5 3 runed translucent doors, cheesebisquit's ghost, novice GrHu
D:11 Sonja


Innate Abilities, Weirdness & Mutations

You are immune to sickness and miasma.
Your stone body is resilient. (AC +8)
You are immune to poison.
You resist negative energy. (rN+)
You are resistant to electric shocks. (rElec)
You are resistant to unholy torment.
You are immune to petrification.
You have supernaturally acute eyesight. (SInv)


Message History

You feel the power of the Abyss delaying your translocation!
The raiju changes into a black mamba!
The worldbinder hits you but does no damage.
The worldbinder closely misses you.
The bog body touches you but does no damage.
The red very ugly thing trunk-slaps you but does no damage.
The worldbinder hits you but does no damage.
The worldbinder barely misses you.
Blink to where?
Press: ? - help, Dir - move target, p - red very ugly thing
As you read the scroll of blinking, it crumbles to dust.
The swamp drake disappears in a puff of smoke!
A bone dragon comes into view.
A centaur warrior skeleton comes into view.
The worldbinder calls forth creatures from the Swamp!
The bog body disappears in a puff of smoke!
An ancient zyme comes into view.
The abyss shimmers again as the detected abyssal rune vanishes from your memory.
The worldbinder calls forth creatures from the Swamp!
A shadow imp comes into view.
The swamp drake bites you.
* * * LOW HITPOINT WARNING * * *
The worldbinder attacks as you move away!
The worldbinder barely misses you.
The worldbinder hits you but does no damage.
You are suddenly pulled into a different region of the Abyss!
The goliath frog disappears in a puff of smoke!
A reaper comes into view.
It is wielding a +2 scythe of protection.
Found a corrupted altar of Lugonu.
You start resting.
A reaper is nearby!
You closely miss the reaper.
The reaper hits you with a +2 scythe of protection!!
* * * LOW HITPOINT WARNING * * *
You slash the reaper!
Your weapon exudes an aura of protection.
The reaper is lightly wounded.
The reaper hits you with a +2 scythe of protection!!
You die...
Your body rises from the dead as a mindless zombie.

### ### ###@#
#.X. #.2## #.§
#.#.##.##.._
##. ........
#..#.#.....
#..##.2..#.#
P....#......#
#.....#
#..#...
.##..#.#......


You could see a reaper.

Vanquished Creatures
  A white draconian (Abyss:3)
  A cyclops (D:10)
  A troll (D:9)
  3 hornets
  Prince Ribbit (D:7)
  2 slime creatures (D:5)
  Sigmund (D:6)
  A shadow (D:10)
  A wraith (D:9)
  8 yaks (D:10)
  3 steam dragons
  2 water moccasins
  3 orc warriors
  A sky beast (D:7)
  An ogre (D:5)
  3 centaurs
  8 kobold brigands
  Blork the orc (D:6)
  2 bullfrogs
  2 scorpions
  6 wights (D:7)
  3 vampire bats (D:5)
  2 hounds
  A gnoll bouda (D:5)
  7 jellies
  2 orc priests
  Crazy Yiuf (D:4)
  5 iguanas
  3 orc wizards
  7 gnolls
  7 adders
  2 white imps
  2 ufetubi
  2 worms
  26 orcs
  9 bats
  7 endoplasms
  A giant cockroach (D:4)
  5 goblins
  5 hobgoblins
  4 jackals
  5 quokkas
  7 ball pythons
  6 frilled lizards
  18 kobolds
  7 rats
196 creatures vanquished.

Vanquished Creatures (collateral kills)
  A slime creature (D:5)
  A wyvern (D:9)
  A yak (D:10)
  A water moccasin (D:9)
  A centaur (D:8)
  A necrophage (D:5)
  A scorpion (D:5)
  A wight (D:7)
  2 howler monkeys
  An orc priest (D:8)
  A gnoll bouda (D:6)
  A hound (D:4)
  A jelly (D:5)
  An iguana (D:6)
  An orc wizard (D:6)
  A mummy (D:5)
  4 gnolls
  A white imp (D:6)
  6 orcs
  A ball python (D:4)
  2 bats (D:5)
  2 endoplasms
  4 kobolds
  2 frilled lizards (D:6)
  2 kobold zombies (D:5)
  2 orc zombies (D:5)
43 creatures vanquished.

Vanquished Creatures (others)
  A yak zombie (D:10)
  A bullfrog zombie (D:7)
  A centaur zombie (D:9)
  3 hound zombies
  A howler monkey zombie (D:8)
  A shadow imp (Abyss:3)
  An iguana zombie (D:6)
  5 jelly zombies
  A spectral white imp (D:5)
  A bat zombie (D:5)
  A ball python zombie (D:4)
  2 endoplasm zombies (D:5)
  8 gnoll zombies
  8 kobold zombies
  18 orc zombies
  2 spectral ufetubi
  15 fungi
  5 plants
  9 toadstools (D:5)
84 creatures vanquished.

Grand Total: 323 creatures vanquished

Notes
Turn   | Place    | Note
-------+----------+-------------------------------------------
     0 | D:1      | promet the Gargoyle Earth Elementalist began the quest for
                  | the Orb.
     0 | D:1      | Reached XP level 1. HP: 10/10 MP: 3/3
   322 | D:1      | Found Waxeahes's Distillery.
   432 | D:1      | Reached skill level 1 in Transmutations
   432 | D:1      | Reached XP level 2. HP: 10/15 MP: 1/5
  1114 | D:2      | Learned a level 2 spell: Passwall
  1117 | D:2      | Learned a level 2 spell: Wereblood
  1152 | D:2      | Reached XP level 3. HP: 18/19 MP: 6/6
  1187 | D:2      | Reached skill level 4 in Earth Magic
  1544 | D:2      | Reached XP level 4. HP: 22/24 MP: 7/7
  2245 | D:2      | Found a faded altar of an unknown god.
  2940 | D:3      | Reached skill level 1 in Short Blades
  3202 | D:3      | Found a glowing silver altar of Zin.
  3244 | D:4      | Reached skill level 1 in Fighting
  3244 | D:4      | Reached XP level 5. HP: 27/29 MP: 9/9
  3534 | D:4      | Found a basalt altar of Yredelemnul.
  3534 | D:4      | Found a snail-covered altar of Cheibriados.
  3550 | D:4      | Became a worshipper of Yredelemnul the Dark
  3657 | D:4      | Reached XP level 6. HP: 27/34 MP: 10/10
  3773 | D:4      | Reached * piety under Yredelemnul
  3885 | D:4      | Found the +3 pair of mountain boots {steadfast, rC+}
  4251 | D:4      | Found a runed translucent door.
  4252 | D:4      | Noticed Crazy Yiuf
  4272 | D:4      | Killed Crazy Yiuf
  4581 | D:5      | Entered Level 5 of the Dungeon
  4799 | D:5      | Found a runed translucent gate.
  5077 | D:5      | Reached XP level 7. HP: 32/39 MP: 8/12
  5101 | D:5      | Reached skill level 1 in Maces & Flails
  5324 | D:5      | Noticed a slime creature
  5324 | D:5      | Noticed a slime creature
  5325 | D:5      | Noticed a slime creature
  5372 | D:5      | Reached ** piety under Yredelemnul
  5373 | D:5      | Reached XP level 8. HP: 37/44 MP: 11/14
  5683 | D:5      | Found a shimmering blue altar of Sif Muna.
  5881 | D:5      | Reached skill level 5 in Earth Magic
  6330 | D:5      | Killed a slime creature
  6477 | D:5      | Found a runed translucent gate.
  6479 | D:5      | Found a runed translucent gate.
  6481 | D:5      | Noticed cheesebisquit's ghost (novice GrHu)
  6737 | D:5      | Killed a slime creature
  6738 | D:5      | Reached skill level 5 in Spellcasting
  6738 | D:5      | Reached XP level 9. HP: 35/49 MP: 13/16
  6741 | D:5      | Reached *** piety under Yredelemnul
  7269 | D:6      | Reached skill level 6 in Earth Magic
  7286 | D:6      | Reached skill level 1 in Throwing
  7290 | D:6      | Learned a level 3 spell: Stone Arrow
  7398 | D:6      | Found a staircase to the Ecumenical Temple.
  7676 | D:6      | Reached skill level 5 in Short Blades
  7837 | D:6      | Noticed Sigmund
  7867 | D:6      | Killed Sigmund
  7940 | D:6      | Noticed Blork the orc
  7947 | D:6      | Killed Blork the orc
  7968 | D:6      | Learned a level 1 spell: Summon Small Mammal
  8067 | D:6      | Found a burning altar of Makhleb.
  8475 | D:7      | Reached skill level 1 in Polearms
  8718 | D:7      | Noticed Prince Ribbit
  8731 | D:7      | Killed Prince Ribbit
  9144 | D:7      | Reached XP level 10. HP: 56/56 MP: 19/19
  9786 | D:7      | Found a white marble altar of Elyvilon.
  9806 | D:7      | Reached skill level 7 in Earth Magic
  9986 | D:8      | Found a broken altar of Ashenzari.
 10011 | D:8      | Noticed a +0 short sword
 10011 | D:8      | Noticed a +0 short sword
 10011 | D:8      | Noticed a +0 falchion
 10012 | D:8      | Noticed a +0 dagger
 10012 | D:8      | Noticed a +0 spear
 10012 | D:8      | Noticed a +0 dagger
 10012 | D:8      | Noticed a +0 falchion
 10014 | D:8      | Noticed a +0 spear
 10034 | D:8      | Found a hide-covered altar of Uskayaw.
 10611 | D:8      | Found a shadowy altar of Dithmenos.
 10703 | D:8      | Found a radiant altar of Vehumet.
 11103 | D:9      | Reached skill level 1 in Armour
 11142 | D:9      | Reached skill level 1 in Ranged Weapons
 11483 | D:9      | Gained mutation: You have supernaturally acute eyesight.
                  | (SInv) [potion of mutation]
 11506 | D:9      | Reached skill level 5 in Polearms
 11506 | D:9      | Reached skill level 1 in Conjurations
 11533 | D:9      | Identified a scroll of acquirement
 11533 | D:9      | Acquired 1154 gold pieces
 11740 | D:10     | Entered Level 10 of the Dungeon
 11864 | D:10     | Found Detosch's Weapon Emporium.
 11887 | D:10     | Reached skill level 8 in Earth Magic
 12410 | D:10     | Reached skill level 1 in Invocations
 12414 | D:10     | Reached XP level 11. HP: 57/60 MP: 18/21
 12741 | D:11     | Noticed Sonja
 12760 | D:11     | Noticed a cyclops
 12766 | D:10     | Killed a cyclops
 12804 | D:10     | Reached skill level 5 in Stealth
 12975 | Abyss:1  | Cast into level 1 of the Abyss (Sonja)
 12985 | Abyss:1  | Noticed a bone dragon
 13001 | Abyss:2  | Found a corrupted altar of Lugonu.
 13079 | Abyss:3  | Noticed a large abomination
 13086 | Abyss:3  | Noticed a tentacled starspawn
 13088 | Abyss:3  | Noticed a thrashing horror
 13134 | Abyss:3  | Noticed a fire crab
 13134 | Abyss:3  | Noticed a white draconian
 13166 | Abyss:3  | Killed a white draconian
 13167 | Abyss:3  | Reached skill level 5 in Dodging
 13225 | Abyss:3  | Noticed a starcursed mass
 13244 | Abyss:3  | Noticed a blizzard demon
 13250 | Abyss:3  | Noticed a starcursed mass
 13277 | Abyss:3  | Noticed a red very ugly thing
 13288 | Abyss:3  | Noticed a thrashing horror
 13292 | Abyss:3  | Noticed a worldbinder
 13301 | Abyss:3  | HP: 3/61 [burnt (7)]
 13304 | Abyss:3  | HP: 1/61 [burnt (3)]
 13308 | Abyss:3  | Noticed a bog body
 13315 | Abyss:3  | Noticed a bone dragon
 13322 | Abyss:3  | Noticed a goliath frog
 13324 | Abyss:3  | Noticed a reaper
 13324 | Abyss:3  | Found a corrupted altar of Lugonu.
 13326 | Abyss:3  | Noticed a starcursed mass
 13335 | Abyss:3  | Demolished by a reaper

Illustrated notes

Levels and vault maps discovered:
D:1:      reono_arrival_forest_river, layout_basic, serial_shops,
          nicolae_shop_behind_doors
D:2:      layout_basic, shapermc_ecumenical_altar_hornbeckon, st_stairs_6
D:3:      layout_loops_ring, zin_statuary
D:4:      layout_gridville, jmf_multi_god_temple, uniq_crazy_yiuf_cottage
D:5:      cheibrodos_fertilizer, layout_layer_cave,
          mainiacjoe_overflow_concentric_impassable, gammafunk_ghost_split,
          roderic_batcave, minmay_mini_ossuary
D:6:      layout_rooms, lightli_temple_of_fire, minmay_temple_entry_trees,
          minmay_lizard_king, uniq_sigmund, uniq_blork_the_orc
D:7:      layout_basic, lemuel_coloured_pillars_altar, uniq_prince_ribbit1
D:8:      minmay_goldmine, layout_loops_corners, kennysheep_mini_moat,
          nicolae_uskayaw_en_pointe, mainiacjoe_overflow_alcove_4,
          mainiacjoe_overflow_catwalk
D:9:      layout_rooms, david_orc_5
D:10:     layout_loops_ring, serial_shops, shop
D:11:     layout_cross, lair_entry_dummy, uniq_sonja
Abyss:3:  base: D:11, guppyfry_abyss_exit_glass_guarded, minivault_4,
          hangedman_elemental_corridor, gammafunk_abyss_rune_reverse_zot

Skill      XL: |  1  2  3  4  5  6  7  8  9 10 11 |
---------------+----------------------------------+-----
Transmutations | 1 2 |  2.3
Earth Magic    | 4 5 6 8 |  8.6
Stealth        | 3 4 5 |  5.0
Dodging        | 2 3 4 5 |  5.1
Short Blades   | 1 2 3 4 5 |  5.1
Fighting       | 1 2 3 4 |  4.2
Spellcasting   | 3 4 5 6 7 |  7.1
Maces & Flails | 2 3 4 |  4.1
Throwing       | 1 |  1.6
Polearms       | 3 5 6 |  6.1
Armour         | 2 |  2.7
Ranged Weapons | 2 3 |  3.0
Conjurations   | 1 |  1.2
Invocations    | 1 |  1.8
Axes           | |  0.4

Action                   |  1- 3 |  4- 6 |  7- 9 | 10-12 || total
-------------------------+-------+-------+-------+-------++-------
Melee: Short sword       |    64 |    22 |       |       ||    86
       Punch             |     3 |     3 |       |     1 ||     7
       Rapier            |       |   144 |   152 |     4 ||   300
       Mace              |       |     7 |    17 |     8 ||    32
       Spear             |       |       |     4 |       ||     4
       Halberd           |       |       |   100 |   220 ||   320
       Battleaxe         |       |       |       |     8 ||     8
       Flail             |       |       |       |    14 ||    14
 Fire: Shortbow          |       |       |       |    17 ||    17
Throw: Dart              |       |       |    12 |     4 ||    16
       Stone             |       |       |     2 |     3 ||     5
 Cast: Sandblast         |    18 |    16 |    47 |    42 ||   123
       Wereblood         |     1 |     3 |    11 |     7 ||    22
       Passwall          |     1 |       |       |       ||     1
       Stone Arrow       |       |       |     8 |    25 ||    33
Invok: Dark Bargain      |       |       |     3 |     2 ||     5
       Recall Undead Har |       |       |     2 |       ||     2
  Use: Scroll            |     3 |    11 |     3 |     7 ||    24
       Potion            |       |     4 |     4 |     6 ||    14
 Stab: Sleeping          |     3 |     5 |     2 |     2 ||    12
       Distracted        |       |       |       |     1 ||     1
Armor: Robe              |    19 |    61 |   147 |       ||   227
       Leather armour    |       |       |     7 |   192 ||   199
Dodge: Dodged            |    51 |   135 |   289 |   279 ||   754
